 Dungeon Crawl Stone Soup version 0.19.1-1-g22dce08 (webtiles) character file.

261 McKennaii the Magician (level 5, -5/31 HPs)
             Began as a High Elf Wizard on Jan 6, 2017.
             Splashed with acid (21 damage)
             ... in the Ecumenical Temple.
             The game lasted 00:18:04 (3031 turns).

McKennaii the Magician (High Elf Wizard)            Turns: 3031, Time: 00:18:05

Health: -5/31      AC:  5    Str:  6    XL:     5   Next: 96%
Magic:  14/14      EV: 13    Int: 23    God:
Gold:   201        SH:  0    Dex: 13    Spells: 5 memorised, 6 levels left

rFire  x . .     SeeInvis +     i - +1 dagger (venom)
rCold  + . .     Gourm    .     a - +0 robe
rNeg   . . .     Faith    .     (no shield)
rPois  .         Spirit   .     e - +2 helmet {SInv}
rElec  .         Reflect  .     (no cloak)
rCorr  .         Harm     +     (no gloves)
MR     .....                    (no boots)
Stlth  ++........               o - amulet of harm
                                (no ring)
                                A - ring of ice

@: no status effects
A: no striking features
a: no special abilities


You were in the Ecumenical Temple.
You were very hungry.

You visited 2 branches of the dungeon, and saw 5 of its levels.

You collected 201 gold pieces.

Inventory:

Hand Weapons
 i - a +1 dagger of venom (weapon)
Armour
 a - a +0 robe (worn)
 e - a +2 helmet of see invisible (worn)
Jewellery
 o - an amulet of harm (around neck)
 A - a ring of ice (left hand)
Scrolls
 f - 6 scrolls of identify {unknown}
 x - a scroll of recharging {unknown}
 y - a scroll of remove curse {unknown}
Potions
 g - a potion of mutation {unknown}
 h - 2 potions of invisibility {unknown}
 j - a potion of berserk rage {unknown}
 k - a potion of flight {unknown}
 l - a potion of lignification {unknown}
 n - a potion of might {unknown}
 p - a potion of brilliance {unknown}
 r - a potion of heal wounds {unknown}
 s - a potion of cure mutation {unknown}
 u - 2 potions of curing {unknown}
 w - a potion of agility {unknown}
 z - a potion of resistance {unknown}
Books
 c - a book of Minor Magic

   Spells                             Type                      Level
   a - Magic Dart                     Conjuration                  1
   b - Blink                          Translocation                2
   c - Call Imp                       Summoning                    2
   d - Repel Missiles                 Charms/Air                   2
   e - Slow                           Hexes                        2
   f - Conjure Flame                  Conjuration/Fire             3
   g - Mephitic Cloud                 Conjuration/Poison/Air       3
 m - a book of Misfortune

   Spells                             Type                      Level
   a - Confusing Touch                Hexes                        1
   b - Confuse                        Hexes                        3
   c - Gell's Gravitas                Hexes/Translocation          3
   d - Petrify                        Transmutation/Earth          4
   e - Metabolic Englaciation         Hexes/Ice                    5
   f - Yara's Violent Unravelling     Hexes/Transmutation          5
Comestibles
 d - 4 bread rations
 q - a royal jelly
 t - 2 meat rations
 v - 4 fruits


   Skills:
 + Level 0.2 Fighting
 + Level 0.8 Short Blades
 + Level 2.8 Dodging
 + Level 3.0 Stealth
 + Level 0.1 Unarmed Combat
 + Level 5.9 Spellcasting
 + Level 2.9 Conjurations
 + Level 1.6 Summonings
 + Level 1.1 Translocations


You had 6 spell levels left.
You knew the following spells:

 Your Spells              Type           Power        Failure   Level  Hunger
a - Magic Dart            Conj           ###.         2%          1    None
b - Call Imp              Summ           ##......     10%         2    None
c - Blink                 Tloc           N/A          10%         2    None
d - Slow                  Hex            #.......     17%         2    None
e - Repel Missiles        Chrm/Air       #.....       17%         2    None


Dungeon Overview and Level Annotations

Branches:
Dungeon (4/15)             Temple (1/1) D:4

Altars:
Ashenzari
Cheibriados
Dithmenos
Elyvilon
Fedhas
Gozag
Nemelex Xobeh
Okawaru
Vehumet
Zin
The Shining One
Jiyva


Message History

There is a white marble altar of Elyvilon here.
There is an opulent altar of Gozag here.
There is a blossoming altar of Fedhas here.
There is a sparkling altar of Nemelex Xobeh here.
Unknown command.
Press < or > to pray at altars.
You kneel at the altar of Nemelex Xobeh.
There is a white marble altar of Elyvilon here.
Unknown command.
Press < or > to pray at altars.
You kneel at the altar of Elyvilon.
There is an opulent altar of Gozag here.
Unknown command.
Press < or > to pray at altars.
You kneel at the altar of Gozag.
There is a viscous altar of Jiyva here.
There is a viscous altar of Jiyva here.
You are splashed with acid!
The walls burn you!
Ouch! That really hurt!
You die...

#...#...### ###.......### ###...#
.._..._...###..._..._...###..._..
...........#.............#.......
.................................
._................<..............
.................................
...........#.............#.......
.._..._...###..._..._...###..._..
#...#...### ###.@.....### ###...#
######### ######### #####


There were no monsters in sight!

Vanquished Creatures
  2 gnolls
  5 adders
  A worm (D:3)
  2 dart slugs
  A leopard gecko (D:3)
  2 orcs (D:3)
  4 giant cockroaches
  10 goblins
  2 hobgoblins
  4 jackals
  2 ball pythons
  4 bats
  3 frilled lizards
  8 kobolds
  A leopard gecko skeleton (D:4)
  5 rats
56 creatures vanquished.

Vanquished Creatures (collateral kills)
  A bullfrog (D:4)
  A scorpion (D:4)
  Natasha (D:4)
  A gnoll (D:3)
  2 adders (D:3)
  2 worms
  An orc (D:3)
  A ball python (D:2)
  2 goblins (D:2)
  2 hobgoblins
  5 jackals
  A frilled lizard (D:3)
20 creatures vanquished.

Grand Total: 76 creatures vanquished

Notes
Turn   | Place    | Note
-------+----------+-------------------------------------------
     0 | D:1      | McKennaii the High Elf Wizard began the quest for the Orb.
     0 | D:1      | Reached XP level 1. HP: 11/11 MP: 6/6
   260 | D:1      | Reached skill level 4 in Spellcasting
   315 | D:1      | Reached XP level 2. HP: 17/17 MP: 6/8
   319 | D:1      | Learned a level 2 spell: Call Imp
   322 | D:1      | Learned a level 2 spell: Blink
   325 | D:1      | Learned a level 2 spell: Slow
   328 | D:1      | Learned a level 2 spell: Repel Missiles
   897 | D:2      | Reached XP level 3. HP: 18/21 MP: 1/10
  1068 | D:2      | Found a faded altar of an unknown god.
  1248 | D:2      | Reached skill level 1 in Summonings
  1258 | D:2      | Found a glowing golden altar of the Shining One.
  1393 | D:3      | HP: 1/21 [gnoll/spear of freezing (2)]
  1401 | D:3      | Reached XP level 4. HP: 2/27 MP: 1/11
  1667 | D:3      | Reached skill level 5 in Spellcasting
  2098 | D:3      | Reached XP level 5. HP: 23/31 MP: 1/13
  2346 | D:4      | Noticed Natasha
  2360 | D:4      | Killed Natasha
  2414 | D:4      | Found a glowing silver altar of Zin.
  2878 | D:4      | Found a staircase to the Ecumenical Temple.
  2889 | Temple   | Entered the Ecumenical Temple
  3031 | Temple   | Splashed with acid

Skill      XL: |  1  2  3  4  5 |
---------------+----------------+-----
Spellcasting   | 4 5 |  5.9
Summonings     | 1 |  1.6
Conjurations   | 2 |  2.9
Stealth        | 3 |  3.0
Fighting       | |  0.2
Short Blades   | |  0.8
Dodging        | |  2.8
Unarmed Combat | |  0.1
Translocations | |  1.1

Action                   |  1- 3 |  4- 6 || total
-------------------------+-------+-------++-------
Melee: Unarmed           |     7 |       ||     7
       Dagger            |    32 |    30 ||    62
 Cast: Magic Dart        |    76 |    47 ||   123
       Call Imp          |     6 |    18 ||    24
 Stab: Sleeping          |       |     1 ||     1
  Eat: Meat ration       |     1 |       ||     1
Armor: Robe              |    19 |    14 ||    33
Dodge: Dodged            |    32 |    36 ||    68
